AoeStats
← Reimke

Lombardia

508766279Analyzed
2v2 RM · 8d ago on Sep 24, 2026· 56m 44s· 4 players
Game mode
Random Map
Map size
Medium (4 player)
Population
200
Speed
Normal
Resources
Standard
Victory
Conquest
Starting age
Dark Age
Ending age
Imperial Age
RankedLock teamsTeams togetherTeam positionsShared explorationLock speedFull tech treeHidden civsTurbo modeCheats
Victory
Defeat
🇺🇸 Saxons · United States
1122
+16
🇺🇸 Varangians · United States
1115
+16
🇲🇽 Saxons · Mexico
1135
-16
🇺🇸 Varangians · United States
1113
-16
30FLY | Andrew_Heals
5:56 Loom
10:47 Feudal Age
12:44 Bloodlines
13:59 Bloodlines
15:04 Horse Collar
24:56 Castle Age
23:18 Gold Mining
23:16 Double-Bit Axe
24:07 Stone Mining
25:22 Scale Barding Armor
25:28 Forging
25:38 Husbandry
26:40 Fletching
31:37 Wheelbarrow
33:02 Town Watch
33:53 Heavy Plow
34:31 Bow Saw
39:26 Imperial Age
38:10 Stone Shaft Mining
39:31 Chain Barding Armor
39:32 Hand Cart
39:39 Town Patrol
40:35 Iron Casting
40:56 Conscription
41:19 Vendel Legacy
42:52 Cavalier
44:29 Masonry
44:15 Murder Holes
45:22 Light Cavalry
46:58 Fortified Wall
47:09 Ballistics
47:34 Crop Rotation
49:02 Elite Jarl
49:14 Hussar
53:13 Plate Barding Armor
Reimke
10:56 Loom
12:41 Feudal Age
14:14 Double-Bit Axe
14:57 Horse Collar
17:31 Castle Age
18:35 Heavy Plow
18:47 Bow Saw
18:35 Elite Skirmisher
19:08 Fletching
21:26 Padded Archer Armor
23:44 Bodkin Arrow
24:58 Scale Mail Armor
25:58 Wheelbarrow
25:10 Town Watch
25:56 Pikeman
27:44 Squires
27:47 Scale Mail Armor
29:15 Chain Mail Armor
30:59 Hand Cart
30:39 Gold Mining
30:39 Stone Mining
31:38 Crossbowman
32:23 Thumb Ring
32:32 Forging
32:38 Leather Archer Armor
34:22 Sanctity
33:52 Treadmill Crane
36:59 Imperial Age
35:10 Iron Casting
36:09 Town Patrol
37:00 Ballistics
36:50 Masonry
37:09 Husbandry
36:59 Gambesons
36:59 Arson
38:13 Conscription
37:21 Shield Wall
38:13 Siege Engineers
39:10 Chemistry
38:14 Bracer
38:49 Elite Varangian Guard
40:15 Hoardings
39:54 Arbalester
41:15 Architecture
41:22 Ring Archer Armor
42:05 Plate Mail Armor
44:42 Murder Holes
45:08 Man-at-Arms
45:58 Long Swordsman
46:33 Two-Handed Swordsman
47:28 Champion
49:01 Sappers
RR.Gohan
7:34 Loom
9:43 Feudal Age
11:28 Double-Bit Axe
14:27 Fletching
20:06 Castle Age
21:25 Bow Saw
21:02 Horse Collar
21:27 Crossbowman
22:14 Thumb Ring
23:09 Squires
23:06 Bodkin Arrow
27:02 Wheelbarrow
28:39 Gold Mining
30:05 Scale Mail Armor
30:16 Forging
37:14 Imperial Age
35:21 Chain Mail Armor
35:42 Iron Casting
35:00 Arson
37:36 Gambesons
37:16 Elite Varangian Guard
38:44 Plate Mail Armor
38:51 Conscription
37:55 Shield Wall
41:10 Hand Cart
45:40 Bracer
49:13 Town Watch
Taylor
7:19 Loom
10:08 Feudal Age
12:12 Double-Bit Axe
22:42 Castle Age
20:47 Fletching
22:02 Forging
22:17 Bloodlines
24:12 Iron Casting
24:47 Scale Barding Armor
29:09 Pikeman
29:40 Gambesons
34:19 Husbandry
35:55 Wheelbarrow
36:53 Bow Saw
38:16 Light Cavalry
44:59 Imperial Age
45:07 Chain Barding Armor
45:41 Ballistics
46:07 Conscription
50:21 Chemistry
50:41 Hussar
56:47 Blast Furnace
57:07 Plate Barding Armor
Connection lost

Rejoining the realm…

Still unreachable

The connection could not be restored.

Session expired

The server has moved on; the page needs a fresh start.